 Dungeon Crawl Stone Soup version 0.19.5 (webtiles) character file.

9928 JeffiDaFish the Artisan of Death (level 11, -14/84 HPs)
             Began as a Demonspawn Necromancer on Mar 8, 2017.
             Was a Priest of Kikubaaqudgha.
             Killed from afar by Harold (31 damage)
             ... with a bolt of fire
             ... on level 9 of the Dungeon.
             The game lasted 01:07:21 (12020 turns).

JeffiDaFish the Artisan of Death (DsNe)            Turns: 12020, Time: 01:07:22

Health: -14/84     AC: 12    Str:  9    XL:     11   Next: 29%
Magic:  2/21       EV: 17    Int: 16    God:    Kikubaaqudgha [***...]
Gold:   545        SH:  7    Dex: 17    Spells: 7 memorised, 5 levels left

rFire  . . .     SeeInvis +     m - +4 spear (pierce)
rCold  . . .     Gourm    .     a - +1 ring mail
rNeg   . . .     Faith    .     j - +2 buckler
rPois  .         Spirit   .     k - +1 helmet
rElec  .         Reflect  .     q - +0 cloak
rCorr  .         Harm     .     (no gloves)
MR     .....                    (boots unavailable)
Stlth  +.........               y - amulet of magic regeneration
                                o - ring of see invisible
                                e - +5 ring of evasion

@: no status effects
A: hooves 3, slimy green scales 2, foul stench 1, rot immunity
a: Receive Corpses, Renounce Religion


You were on level 9 of the Dungeon.
You worshipped Kikubaaqudgha.
Kikubaaqudgha was most pleased with you.
You were near starving.

You visited 2 branches of the dungeon, and saw 11 of its levels.
You also visited: Bailey.

You collected 545 gold pieces.

Inventory:

Hand Weapons
 m - a +4 spear of piercing (weapon)
Armour
 a - a +1 ring mail (worn)
 j - a +2 buckler (worn)
 k - a +1 helmet (worn)
 l - a +2 pair of boots
 q - a +0 cloak (worn)
Jewellery
 e - a +5 ring of evasion (left hand)
 o - a ring of see invisible (right hand)
 y - an amulet of magic regeneration (around neck)
Scrolls
 x - 3 scrolls of remove curse
 B - a scroll of identify
 C - a scroll of recharging
Potions
 d - 3 potions of curing
 g - 2 potions of might
 r - 2 potions of invisibility
 s - a potion of heal wounds
 w - a potion of brilliance
Books
 b - a book of Necromancy

   Spells                             Type                      Level
   a - Pain                           Necromancy                   1
   b - Animate Skeleton               Necromancy                   1
   c - Vampiric Draining              Necromancy                   3
   d - Regeneration                   Charms/Necromancy            3
   e - Animate Dead                   Necromancy                   4
   f - Control Undead                 Necromancy                   4
 u - Kikubaaqudgha's Almanac of Evil Arts
   (Kikubaaqudgha gifted it to you on level 8 of the Dungeon)

   Spells                             Type                      Level
   a - Excruciating Wounds            Charms/Necromancy            5
   b - Agony                          Necromancy                   5
   c - Cigotuvi's Embrace             Necromancy                   5
   d - Dispel Undead                  Necromancy                   5
   e - Simulacrum                     Ice/Necromancy               6
 A - a book of Power

   Spells                             Type                      Level
   a - Fulminant Prism                Conjuration/Hexes            4
   b - Iskenderun's Mystic Blast      Conjuration                  4
   c - Venom Bolt                     Conjuration/Poison           5
   d - Bolt of Magma                  Conjuration/Fire/Earth       5
   e - Iron Shot                      Conjuration/Earth            6
   f - Orb of Destruction             Conjuration                  7
   g - Spellforged Servitor           Conjuration/Summoning        7
Comestibles
 c - 7 bread rations
 f - a slice of pizza
 h - 5 meat rations
 n - 3 beef jerkies
 t - a fruit
 z - 7 royal jellies


   Skills:
 - Level 7.3 Fighting
   Level 2.6 Maces & Flails
 - Level 6.0 Polearms
 + Level 4.9 Dodging
 - Level 1.7 Stealth
 - Level 4.6 Shields
 * Level 7.0 Spellcasting
 * Level 6.6 Charms
 + Level 9.4 Necromancy


You had 5 spell levels left.
You knew the following spells:

 Your Spells              Type           Power        Failure   Level  Hunger
a - Pain                  Necr           ####         1%          1    None
b - Animate Skeleton      Necr           N/A          1%          1    None
c - Vampiric Draining     Necr           #####.....   1%          3    ##.....
d - Animate Dead          Necr           N/A          10%         4    ####...
e - Regeneration          Chrm/Necr      ####......   4%          3    ##.....
f - Corpse Rot            Necr           N/A          1%          2    None
g - Agony                 Necr           #####...     21%         5    #####..


Dungeon Overview and Level Annotations

Branches:
Dungeon (10/15)            Temple (1/1) D:4
   Lair: D:8-11         Orc: D:9-12

Altars:
Kikubaaqudgha
Makhleb
Nemelex Xobeh
Okawaru
Qazlal
Sif Muna
Trog

Shops:
D:8 }   D:9 *

Annotations:
D:4 soylentgreeen202's ghost, amateur HEAE
D:6 FangTR18's ghost, novice GrFi
D:9 Harold


Innate Abilities, Weirdness & Mutations

You have hooves in place of feet.
You are mostly covered in slimy green scales. (AC +3)
You may emit foul miasma when damaged in melee.
You are immune to rotting.


Message History

* * * LOW HITPOINT WARNING * * *
Casting: Corpse Rot
Confirm with . or Enter, or press ? or * to list all spells.
Aiming: Agony
Press: ? - help, Shift-Dir - straight line, f/p - Harold
Aim: Harold, wielding a dire flail of protection and wearing a ring mail (chance to defeat MR: 76%) Harold convulses!
Harold hits you with a dire flail of protection.
* * * LOW HITPOINT WARNING * * *
You hit Harold.
Harold is heavily wounded.
Harold hits you but does no damage.
You hit Harold but do no damage. You kick Harold, but do no damage.
Harold is heavily wounded.
You puncture Harold!
Harold is severely wounded.
Harold gestures at you while chanting. The bolt of fire hits you!
You die...
Kikubaaqudgha rasps: "You have failed me!
Welcome... death!"

#......# ###.....'.######.:....
##......####.'.....### #......
.............#.....# #......
##......######.....# #......
#####.## ###'### #####'# #.# #.#
#..# #.# #.# #.## #.# ##(#
######'## #####'## #.@# #.......#
##...<..# #@## #.......#
.'...../#######)#########.......#
##......'...##.)>.....#.'.......#
#......###...........#.#.......#
#......# ####..........#.......#
#......# #........###.......#
#.....)# #........# #.......#
#......# ########## #########


You could see Harold.

Vanquished Creatures
  Joseph (D:9)
  A queen bee (D:8)
  A two-headed ogre (D:9)
  2 water moccasins
  2 sky beasts
  2 ice beasts
  An orc warrior (Bailey)
  A phantom (D:5)
  9 ogres
  5 centaurs
  4 bullfrogs
  2 scorpions
  15 killer bees (D:8)
  5 howler monkeys
  A centaur zombie (D:8)
  A crimson imp (D:7)
  2 hounds
  A quasit (D:8)
  3 jellies
  3 orc priests
  5 worker ants
  Jessica (D:3)
  A centaur skeleton (D:4)
  5 iguanas
  5 orc wizards
  A hound skeleton (D:6)
  Robin (D:3)
  A howler monkey skeleton (D:7)
  10 adders
  3 shadow imps
  An ooze (D:3)
  An adder zombie (D:6)
  2 adder skeletons (D:4)
  2 worms (D:2)
  4 dart slugs
  2 leopard geckos
  46 orcs
  10 bats
  2 giant cockroaches
  14 goblins
  16 hobgoblins
  4 jackals (D:5)
  3 quokkas
  4 frilled lizards
  A jackal skeleton (D:4)
  4 kobolds
  A quokka zombie (D:6)
  12 rats
224 creatures vanquished.

Vanquished Creatures (collateral kills)
  Sigmund (D:2)
  2 orc warriors (Bailey)
  An ogre (D:4)
  A centaur (D:8)
  A scorpion (D:8)
  2 howler monkeys (D:7)
  An iguana (D:8)
  2 worker ants
  An adder (D:7)
  A shadow imp (D:9)
  2 worms
  A dart slug (D:1)
  6 orcs
  A bat (D:1)
  A giant cockroach (D:3)
  2 goblins
  A kobold (D:1)
  A frilled lizard (D:3)
  A rat (D:3)
29 creatures vanquished.

Grand Total: 253 creatures vanquished

Notes
Turn   | Place    | Note
-------+----------+-------------------------------------------
     0 | D:1      | JeffiDaFish the Demonspawn Necromancer began the quest for the Orb.
     0 | D:1      | Reached XP level 1. HP: 13/13 MP: 3/3
    37 | D:1      | Learned a level 1 spell: Animate Skeleton
   135 | D:1      | Gained mutation: You are partially covered in slimy green scales. (AC +2) [demonic ancestry]
   135 | D:1      | Reached XP level 2. HP: 2/19 MP: 0/5
   403 | D:1      | Reached skill level 5 in Necromancy
   828 | D:1      | Gained mutation: You are mostly covered in slimy green scales. (AC +3) [demonic ancestry]
   828 | D:1      | Reached XP level 3. HP: 21/24 MP: 2/6
  1435 | D:2      | Noticed Sigmund
  1469 | D:2      | Killed Sigmund
  1469 | D:2      | Reached skill level 1 in Fighting
  1469 | D:2      | Reached skill level 1 in Polearms
  1469 | D:2      | Gained mutation: You have large cloven feet. [demonic ancestry]
  1469 | D:2      | Reached XP level 4. HP: 10/32 MP: 1/8
  1469 | D:2      | Gained mutation: You are immune to rotting. [demonic ancestry]
  1469 | D:2      | Reached XP level 5. HP: 12/37 MP: 1/9
  1734 | D:2      | Learned a level 3 spell: Vampiric Draining
  2462 | D:2      | Learned a level 4 spell: Animate Dead
  2776 | D:3      | Noticed Robin
  2788 | D:3      | Killed Robin
  2788 | D:3      | Gained mutation: You may emit foul miasma when damaged in melee. [demonic ancestry]
  2788 | D:3      | Reached XP level 6. HP: 31/44 MP: 3/10
  2905 | D:3      | HP: 2/44 [orc priest/morningstar (4)]
  3144 | D:3      | Noticed Jessica
  3148 | D:3      | Killed Jessica
  4361 | D:4      | Reached XP level 7. HP: 45/49 MP: 5/11
  4546 | D:4      | Learned a level 3 spell: Regeneration
  4982 | D:4      | Reached skill level 6 in Necromancy
  5111 | D:4      | Found a staircase to the Ecumenical Temple.
  5119 | Temple   | Entered the Ecumenical Temple
  5128 | Temple   | Became a worshipper of Kikubaaqudgha
  5211 | D:4      | Noticed soylentgreeen202's ghost (amateur HEAE)
  5613 | D:5      | Entered Level 5 of the Dungeon
  5677 | D:5      | Reached skill level 1 in Charms
  6117 | D:5      | Reached XP level 8. HP: 40/58 MP: 13/13
  7188 | D:6      | Reached * piety under Kikubaaqudgha
  7188 | D:6      | Identified Kikubaaqudgha's Grimoire of Black Secrets (Kikubaaqudgha gifted it to you on level 6 of the Dungeon)
  7188 | D:6      | Received a gift from Kikubaaqudgha
  7204 | D:6      | Learned a level 2 spell: Corpse Rot
  7258 | D:6      | Found a stormy altar of Qazlal.
  7725 | D:6      | Noticed FangTR18's ghost (novice GrFi)
  8248 | D:6      | Found a bloodstained altar of Trog.
  8468 | D:7      | Gained mutation: You have hoof-like feet. [demonic ancestry]
  8468 | D:7      | Reached XP level 9. HP: 62/67 MP: 13/15
  8558 | D:7      | Reached skill level 5 in Fighting
  8869 | D:7      | Found a sparkling altar of Nemelex Xobeh.
  8871 | D:7      | Found a burning altar of Makhleb.
  9012 | D:7      | Reached skill level 7 in Necromancy
  9366 | D:8      | Reached skill level 5 in Polearms
  9527 | D:8      | Found a flagged portal.
  9539 | Bailey   | Entered a bailey
  9607 | Bailey   | Reached ** piety under Kikubaaqudgha
  9955 | Bailey   | Noticed an orc knight
  9955 | Bailey   | Noticed an orc knight
  9955 | Bailey   | Noticed an orc knight
 10795 | D:8      | Reached *** piety under Kikubaaqudgha
 10795 | D:8      | Identified Kikubaaqudgha's Almanac of Evil Arts (Kikubaaqudgha gifted it to you on level 8 of the Dungeon)
 10795 | D:8      | Received a gift from Kikubaaqudgha
 10811 | D:8      | Reached skill level 5 in Spellcasting
 10857 | D:8      | Gained mutation: You have hooves in place of feet. [demonic ancestry]
 10857 | D:8      | Reached XP level 10. HP: 38/77 MP: 17/17
 10877 | D:8      | Learned a level 5 spell: Excruciating Wounds
 11115 | D:8      | Found Tysenepp's Gadget Shoppe.
 11382 | D:9      | Found Umuifits's Island Escapes.
 11611 | D:9      | Reached skill level 9 in Necromancy
 11611 | D:9      | Reached XP level 11. HP: 75/84 MP: 16/21
 11654 | D:9      | Noticed Joseph
 11672 | D:9      | Killed Joseph
 11875 | D:9      | Learned a level 5 spell: Agony
 11983 | D:10     | Entered Level 10 of the Dungeon
 11985 | D:10     | Noticed Harold
 12020 | D:9      | Killed from afar by Harold

Skill      XL: |  1  2  3  4  5  6  7  8  9 10 11 |
---------------+----------------------------------+-----
Necromancy     | 5 6 7 9 |  9.4
Fighting       | 1 3 4 6 7 |  7.3
Polearms       | 1 2 4 5 6 |  6.0
Shields        | 2 4 |  4.6
Spellcasting   | 3 4 5 6 7 |  7.0
Charms         | 1 2 4 6 |  6.6
Dodging        | 2 3 4 |  4.9
Maces & Flails | 2 |  2.6
Stealth        | |  1.7

Action                   |  1- 3 |  4- 6 |  7- 9 | 10-12 || total
-------------------------+-------+-------+-------+-------++-------
Melee: Dagger            |    13 |       |       |       ||    13
       Unarmed           |     1 |       |       |       ||     1
       Spear             |    34 |   144 |   769 |    94 ||  1041
       Kick              |       |       |       |    28 ||    28
 Cast: Pain              |    47 |   100 |   115 |    13 ||   275
       Animate Skeleton  |    12 |    18 |    22 |     2 ||    54
       Vampiric Draining |       |    10 |    25 |     7 ||    42
       Animate Dead      |       |     8 |    11 |     6 ||    25
       Regeneration      |       |       |     2 |       ||     2
       Corpse Rot        |       |       |    11 |     1 ||    12
       Agony             |       |       |       |     1 ||     1
       Excruciating Woun |       |       |       |     1 ||     1
  Use: Potion            |     4 |     2 |     6 |     5 ||    17
       Scroll            |     2 |     4 |    13 |     1 ||    20
 Stab: Distracted        |       |     2 |     4 |       ||     6
       Sleeping          |       |     1 |     3 |       ||     4
  Eat: Chunk             |     2 |    13 |    14 |     4 ||    33
       Meat ration       |       |       |     1 |       ||     1
       Fruit             |       |       |     5 |       ||     5
       Bread ration      |       |       |     1 |       ||     1
       Beef jerky        |       |       |       |     1 ||     1
Armor: Leather armour    |    16 |    42 |    49 |       ||   107
       Ring mail         |       |       |   133 |    15 ||   148
Dodge: Dodged            |    22 |    49 |   357 |    44 ||   472
Block: Buckler           |    10 |    35 |   249 |    26 ||   320
